 Dungeon Crawl Stone Soup version 0.17-a0-1923-gc35365e (webtiles) character file.

961 pk666 the Magician (level 7, 0/36 HPs)
             Began as a Deep Elf Wizard on Sept 28, 2015.
             Was a Follower of Sif Muna.
             Succumbed to poison (a potion of poison)
             ... on level 5 of the Dungeon.
             The game lasted 00:26:24 (7240 turns).

pk666 the Magician (Deep Elf Wizard)                Turns: 7240, Time: 00:26:25

Health: 0/36       AC:  6    Str:  4    XL:     7   Next: 92%
Magic:  1/19       EV: 13    Int: 30    God:    Sif Muna [*.....]
Gold:   129        SH:  0    Dex: 13    Spells: 5 memorised, 8 levels left

rFire  . . .     SeeInvis .     f - +0 dagger
rCold  . . .     Clarity  .     E - +0 robe (curse)
rNeg   . . .     SustAt   .     (no shield)
rPois  .         Gourm    .     b - +0 hat
rElec  .         Spirit   .     y - +2 cloak {+Inv}
rCorr  .         Warding  .     (no gloves)
rMut   .         Stasis   .     H - +0 pair of boots
MR     .....                    (no amulet)
Stlth  ++........               (no ring)
                                (no ring)

@: brilliant, lethally poisoned (0 -> -13), flying, drained, not resistant to
hostile enchantments, unstealthy
A: no striking features
a: Channel Energy, Renounce Religion, Evoke Invisibility


You were on level 5 of the Dungeon.
You worshipped Sif Muna.
Sif Muna was aware of your devotion.
You were very hungry.

You visited 2 branches of the dungeon, and saw 7 of its levels.

You collected 278 gold pieces.
You spent 149 gold pieces at shops.

Inventory:

Hand weapons
 f - a +0 dagger (weapon)
Armour
 a - a +0 robe
 b - a +0 hat (worn)
 y - a +2 cloak of invisibility (worn)
 E - a cursed +0 robe (worn)
 H - a +0 pair of boots (worn)
Magical devices
 p - a wand of slowing (4)
 r - a wand of flame (26)
 C - a wand of hasting (7)
Scrolls
 h - 2 scrolls of fog {unknown}
 i - 2 scrolls of identify {unknown}
 j - 2 scrolls of remove curse {unknown}
 k - a scroll of recharging {unknown}
 o - 2 scrolls of immolation {unknown}
 s - a scroll of blinking {unknown}
 v - 2 scrolls of fear
 w - 3 scrolls of amnesia {unknown}
 z - 2 scrolls of teleportation
 D - a scroll of magic mapping
Potions
 e - a potion of magic {unknown}
 l - a potion of brilliance
 m - 2 potions of curing
 n - a potion of agility {unknown}
 q - a potion of haste {unknown}
 t - a potion of cancellation
 u - a potion of heal wounds {unknown}
 B - a potion of flight
 F - a potion of degeneration {unknown}
 G - a potion of poison
Books
 c - a book of Minor Magic

   Spells                             Type                      Level
   a - Magic Dart                     Conjuration                  1
   b - Blink                          Translocation                2
   c - Call Imp                       Summoning                    2
   d - Repel Missiles                 Charms/Air                   2
   e - Slow                           Hexes                        2
   f - Conjure Flame                  Conjuration/Fire             3
   g - Mephitic Cloud                 Conjuration/Poison/Air       3
Comestibles
 d - 2 bread rations
 g - 3 beef jerkies
 x - a slice of pizza
 A - a meat ration


   Skills:
 + Level 3.2(3.0) Dodging
 - Level 2.4(2.3) Stealth
 + Level 6.9(6.7) Spellcasting
 + Level 5.4(5.3) Conjurations
   Level 1.1(0.9) Summonings
 - Level 1.1(0.9) Translocations
 * Level 3.6(3.5) Fire Magic
 - Level 3.3(3.1) Air Magic
 - Level 3.5(3.4) Poison Magic


You had 8 spell levels left.
You knew the following spells:

 Your Spells              Type           Power        Failure   Level  Hunger
d - Conjure Flame         Conj/Fire      ######..     1%          3    None
q - Blink                 Tloc           N/A          1%          2    None
w - Repel Missiles        Chrm/Air       #####.       1%          2    None
x - Mephitic Cloud        Conj/Pois/Air  ######..     1%          3    None
z - Magic Dart            Conj           ####         1%          1    None


Dungeon Overview and Level Annotations

Branches:
Dungeon (6/15)             Temple (1/1) D:5

Altars:
Ashenzari
Cheibriados
Fedhas
Gozag
Kikubaaqudgha
Makhleb
Nemelex Xobeh
Okawaru
Qazlal
Ru
Sif Muna
Trog
Vehumet
Xom
Yredelemnul
Zin
Jiyva

Shops:
D:4 }   D:5 *

Annotations:
D:3 Anothat's ghost, average GrFi


Message History

The giant frog hits you but does no damage.
Casting: Magic Dart
Confirm with . or Enter, or press ? or * to list all spells.
Aiming: Magic Dart
Press: ? - help, Shift-Dir - straight line, f/p - giant frog
Aim: a giant frog (moderately wounded)
The magic dart hits the giant frog.
The giant frog is moderately wounded.
The giant frog hits you.
* * * LOW HITPOINT WARNING * * *
Drink which item? (? for menu, Esc to quit)
It was a potion of flight.
You feel very buoyant.
You fly up into the air.
The giant frog closely misses you. The giant frog barely misses you.
Drink which item? (? for menu, Esc to quit)
It was a potion of poison.
That liquid tasted very nasty...
You are lethally poisoned!
You die...

############................####'
#................'.##.
#................#.#..
#................#....
############................#.#..
#.....#...#.......#'###.....#.#..
#.....'...#.......#...'.....#....
#.....#...#.......#...#.......#..
#.....#...#....F@.'...#.......#..
#.....#...#.......#...#..........
#.....#..>'.......#...#.......#..
#.....#+###.......##'##.......##.
######.....###'#####..###+##.....
#.....#.......#.......#.....
#.....#.......#.......+.....
#.....#.......#.......#.....
#.....#.......#.......#.....


You could see a giant frog.

Vanquished Creatures
  An ogre (D:5)
  A sky beast (D:5)
  A scorpion (D:4)
  4 wights
  A jelly (D:4)
  A giant frog zombie (D:5)
  An orc priest (D:4)
  5 worker ants
  5 hounds
  A hound zombie (D:5)
  2 gnolls (D:3)
  7 adders
  3 oozes (D:4)
  An adder skeleton (D:4)
  2 worms (D:3)
  4 giant geckos
  5 orcs
  9 giant cockroaches
  5 hobgoblins
  8 jackals
  5 quokkas
  2 ball pythons
  4 bats
  7 giant newts
  10 goblins
  A jackal skeleton (D:5)
  10 kobolds
  15 rats
121 creatures vanquished.

Notes
Turn   | Place    | Note
--------------------------------------------------------------
     0 | D:1      | pk666 the Deep Elf Wizard began the quest for the Orb.
     0 | D:1      | Reached XP level 1. HP: 10/10 MP: 7/7
   307 | D:1      | Reached XP level 2. HP: 15/15 MP: 7/9
   854 | D:2      | Found an iron altar of Okawaru.
   949 | D:2      | Found a sacrificial altar of Ru.
  1074 | D:2      | Reached skill level 5 in Spellcasting
  1265 | D:2      | Reached XP level 3. HP: 19/19 MP: 7/11
  1321 | D:2      | Learned a level 2 spell: Blink
  1324 | D:2      | Learned a level 2 spell: Repel Missiles
  1328 | D:2      | Learned a level 3 spell: Conjure Flame
  1332 | D:2      | Learned a level 3 spell: Mephitic Cloud
  2128 | D:3      | Reached XP level 4. HP: 24/24 MP: 8/13
  2339 | D:3      | Found a snail-covered altar of Cheibriados.
  2351 | D:3      | Reached skill level 1 in Air Magic
  2648 | D:3      | Noticed Anothat's ghost (average GrFi)
  3117 | D:3      | Reached skill level 1 in Poison Magic
  3275 | D:3      | Reached XP level 5. HP: 26/28 MP: 11/15
  3918 | D:4      | Found Cojygog's Gadget Emporium.
  4121 | D:4      | Reached skill level 6 in Spellcasting
  4317 | D:4      | Reached XP level 6. HP: 32/32 MP: 4/17
  4507 | D:4      | Found a viscous altar of Jiyva.
  4790 | D:5      | Entered Level 5 of the Dungeon
  4976 | D:5      | Found Luilusem's General Store.
  4990 | D:5      | Bought a scroll of teleportation for 45 gold pieces
  4990 | D:5      | Bought a scroll of magic mapping for 52 gold pieces
  4990 | D:5      | Bought a scroll of fear for 52 gold pieces
  5024 | D:5      | Found a staircase to the Ecumenical Temple.
  5125 | Temple   | Entered the Ecumenical Temple
  5195 | Temple   | Became a worshipper of Sif Muna the Loreminder
  5671 | D:5      | Reached XP level 7. HP: 36/36 MP: 5/18
  5843 | D:4      | Reached skill level 1 in Fire Magic
  5853 | D:4      | Reached skill level 5 in Conjurations
  6440 | D:5      | Acquired Sif Muna's first power
  7156 | D:6      | Found a basalt altar of Yredelemnul.
  7240 | D:5      | Succumbed to poison (a potion of poison)

Vault maps used:
D:1:      zaba_arrival_water, minmay_misc_feat_nine_boxes
D:2:      nicolae_ru_the_path_less_chosen, okawaru_metal_pillars_1_2
D:3:      cheibriados_altar_wand_db, first_bread
D:4:      serial_shops, nicolae_shop_waterfront, jiyva_altar_1
D:5:      minmay_temple_entry_large_hall, serial_shops, shop
D:6:      overflow_temple_1_default, led_sif_book
Temple:   dpeg_five_rooms_temple_12

Action                   |  1- 3 |  4- 6 |  7- 9 || total
-------------------------+-------+-------+-------++-------
Melee: Dagger            |       |     5 |     5 ||    10
 Cast: Magic Dart        |    83 |   189 |    93 ||   365
       Repel Missiles    |     1 |       |       ||     1
       Conjure Flame     |       |    16 |     7 ||    23
       Blink             |       |     2 |       ||     2
       Mephitic Cloud    |       |     2 |     5 ||     7
  Use: Potion            |       |       |     4 ||     4
  Eat: Chunk             |     3 |    12 |     3 ||    18
